 Dungeon Crawl Stone Soup version 0.29.1-15-g9cfb28693d (webtiles) character file.

Game seed: 6098384977954204456

2359 croobank the Covert (level 9, 0/63 HPs)
             Began as an Octopode Delver on Mar 12, 2023.
             Was an Initiate of Gozag.
             Shot with an arrow by a centaur (7 damage)
             ... on level 7 of the Dungeon.
             The game lasted 00:29:19 (7227 turns).

croobank the Covert (Octopode Delver)               Turns: 7227, Time: 00:29:19

Health: 0/63       AC:  5    Str: 12    XL:     9   Next: 44%
Magic:  8/13       EV: 15    Int: 16    God:    Gozag
Gold:   811        SH:  0    Dex: 13    Spells: 10/13 levels left

rFire   . . .      SeeInvis .   D - +5 short sword
rCold   . . .      Faith    .   (no shield)
rNeg    . . .      Spirit   .   (helmet restricted)
rPois   .          Reflect  .   C - amulet of regeneration
rElec   .          Harm     .   u - +4 ring of protection
rCorr   .          Rampage  .   (no ring)
Will    .....                   (no ring)
Stlth   +++++.....              (no ring)
HPRegen 1.00/turn               (no ring)
MPRegen 0.13/turn               (no ring)
                                (no ring)
                                (no ring)

@: gold aura, very slightly contaminated, slowed, very slow
A: almost no armour, amphibious, 8 rings, camouflage 1, gelatinous body 1,
(nimble swimmer 1), tentacles
a: Renounce Religion, Potion Petition, Call Merchant, Bribe Branch


You were on level 7 of the Dungeon.
You worshipped Gozag.
Gozag was pleased with you.
You visited 2 branches of the dungeon, and saw 8 of its levels.

You collected 925 gold pieces.
You paid 114 gold pieces to Gozag.

Inventory:

Hand Weapons
 a - a +0 hand axe
 b - a +0 sling
 c - a +1 dagger of flaming
 d - a +0 spear
 g - a +3 dagger
 t - a +0 quarterstaff
 w - a +1 flail of protection
 D - a +5 short sword (weapon)
Missiles
 e - 6 javelins
 n - 24 poisoned darts (quivered)
Jewellery
 u - a +4 ring of protection (left tentacle)
 C - an amulet of regeneration (around mantle)
Wands
 f - a wand of digging (11)
 i - a wand of roots (9)
 p - a wand of charming (14)
Scrolls
 h - a scroll of fog
 l - 2 scrolls of teleportation
 r - 3 scrolls of magic mapping
 y - a scroll of enchant weapon
 B - 2 scrolls of poison
Potions
 j - a potion of flight {unknown}
 k - a potion of might
 m - 3 potions of curing
 o - a potion of magic {unknown}
 q - a potion of lignification
 s - 2 potions of cancellation
 x - a potion of invisibility
 A - a potion of resistance {unknown}


   Skills:
 + Level 6.3 Fighting
 + Level 5.9 Axes
 + Level 6.0 Dodging
 + Level 10.4 Stealth
 + Level 2.8 Spellcasting
 + Level 3.2 Conjurations


You had 10 spell levels left.
You knew the following spells:

 Your Spells              Type           Power      Damage    Failure   Level
a - Dazzling Flash        Conj/Hex       14%        N/A       28%         3

Your spell library contained the following spells:

 Spells                   Type           Power      Damage    Failure   Level
 Hailstorm                Conj/Ice       7%         3d4       67%         4
 Iskenderun's Mystic Bla  Conj/Tloc      7%         2d4       67%         4
 Ice Form                 Ice/Tmut       2%         N/A       88%         4
 Starburst                Conj/Fire      3%         6d3       100%        6
 Simulacrum               Ice/Necr       Unusable   N/A       N/A         6

Dungeon Overview and Level Annotations

Branches:
Dungeon (7/15)             Temple (1/1) D:4

Altars:
Ashenzari
Cheibriados
Dithmenos
Elyvilon
Fedhas
Gozag
Hepliaklqana
Kikubaaqudgha
Makhleb
Nemelex Xobeh
Okawaru
Qazlal
Ru
Sif Muna
Trog
Uskayaw
Vehumet
Wu Jian
Xom
Yredelemnul
Zin
The Shining One

Annotations:
D:2 1 runed translucent door, Crazy Yiuf


Innate Abilities, Weirdness & Mutations

You cannot wear most types of armour.
You are amphibious.
You can wear up to eight rings at the same time.
Your skin changes colour to match your surroundings (Stealth+).
Your rubbery body absorbs attacks. (AC +1, EV +1)
((You are camouflaged when in or above water. (Stealth+)))
You have tentacles for arms and can constrict up to eight enemies at once.


Message History

The sky beast barely misses you.
The orc shoots a sling bullet.
The sling bullet closely misses the orc wizard.
The sling bullet misses you. The sky beast barely misses you.
The orc wizard closely misses you.
You barely miss the sky beast. You squeeze the sky beast!
The sky beast is almost dead.
The centaur is no longer blind.
The orc is no longer blind.
The orc wizard points at you and mumbles some strange words.
The puff of flame hits you!
The sky beast flickers out of sight!
Deactivating autopickup; reactivate with Ctrl-A.
Something hits you. Something shocks you.
You hit the orc wizard. Your grab misses the orc wizard.
The orc wizard is lightly wounded.
The steam dragon is no longer distracted by gold.
The centaur is distracted by your dazzling golden aura.
The orc wizard barely misses you. Something hits you but does no damage.
Casting: Dazzling Flash (dangerous; 30% risk of failure)
Confirm with . or Enter, or press ? or * to list all spells.
Casting: Dazzling Flash (dangerous; 30% risk of failure)
Press: ? - help, Dir - look around, f - activate You miscast Dazzling Flash.
You are very lightly contaminated with residual magic.
You feel a bit tired.
You feel yourself slow down.
The centaur shouts!
The centaur is no longer distracted by gold.
The howler monkey hoots and howls with incredible vigour!
The steam dragon breathes steam at you. The ball of steam hits you!!
* * * LOW HITPOINT WARNING * * *
The orc wizard hits you but does no damage.
Reactivating autopickup.
You feel a bit more experienced.
You hear a shout!
The centaur is engulfed in a cloud of scalding steam.
The centaur shoots an arrow.
The arrow hits you!
* * * LOW HITPOINT WARNING * * *
The centaur is engulfed in a cloud of scalding steam.
The centaur shoots an arrow.
The arrow hits you!
You die...
Your body crumbles into a pile of gold.

'... # ..# .# ... .# ..
.. #'###. ####.Dho ..#
#co# ######### #.# #ยง#
........# #.#
#@######### #######.#
#.# #.#.......# #.# #.#
#...#####.#
#.###.######.#
#.#######
#............#
#........
#####.######.#
#.#######
#.######.#####.########
#......#.....<....<....
######.####.###.#######


You could see a steam dragon, a centaur, a howler monkey, an orc wizard and an
orc.

Vanquished Creatures
  Grinder (D:3)
  A steam dragon (D:6)
  A water moccasin (D:5)
  An ice beast (D:5)
  2 black bears
  3 ogres
  2 kobold brigands (D:6)
  2 necrophages
  Blork the orc (D:4)
  2 bullfrogs
  2 scorpions (D:5)
  A howler monkey (D:5)
  A hound (D:5)
  A gnoll bouda (D:7)
  2 orc priests (D:4)
  2 jellies (D:6)
  Jessica (D:2)
  3 iguanas
  Terence (D:3)
  Natasha (thrice) (D:2)
  3 orc wizards
  7 gnolls
  10 adders
  A white imp (D:7)
  A worm (D:5)
  3 dart slugs
  16 orcs
  2 giant cockroaches
  6 goblins
  3 hobgoblins
  2 jackals (D:1)
  22 kobolds
  2 quokkas
  2 ball pythons
  9 bats
  3 frilled lizards
  6 rats
131 creatures vanquished.

Vanquished Creatures (others)
  A sky beast (D:7)
1 creature vanquished.

Grand Total: 132 creatures vanquished

Notes
Turn   | Place    | Note
-------+----------+-------------------------------------------
     0 | D:5      | croobank the Octopode Delver began the quest for the Orb.
     0 | D:5      | Reached XP level 1. HP: 16/16 MP: 1/1
    32 | D:6      | Noticed a kobold brigand
    53 | D:5      | Noticed an ogre
   104 | D:4      | Reached XP level 2. HP: 4/21 MP: 2/2
   345 | D:4      | Found a staircase to the Ecumenical Temple.
   347 | D:4      | Noticed a black bear
   355 | Temple   | Entered the Ecumenical Temple
   532 | D:3      | Noticed Grinder
   800 | D:2      | Found a white marble altar of Elyvilon.
   824 | D:2      | Noticed Natasha
   829 | D:2      | Killed Natasha
   830 | D:2      | Reached skill level 7 in Stealth
   830 | D:2      | Reached XP level 3. HP: 26/26 MP: 3/3
   988 | D:2      | Noticed Jessica
  1004 | D:2      | Killed Jessica
  1005 | D:2      | Reached XP level 4. HP: 23/31 MP: 4/4
  1081 | D:2      | Identified the +0 chain mail of Feasting {Int+4 Dex+2}
  1610 | D:1      | Reached XP level 5. HP: 37/37 MP: 5/5
  2239 | D:2      | Noticed Natasha
  2246 | D:2      | Killed Natasha
  2395 | D:2      | Noticed Natasha
  2406 | D:2      | Killed Natasha
  2895 | D:2      | Found a runed translucent door.
  2896 | D:2      | Noticed Crazy Yiuf
  3011 | D:3      | Paralysed by Grinder for 5 turns
  3025 | D:3      | Killed Grinder
  3026 | D:3      | Reached skill level 8 in Stealth
  3026 | D:3      | Reached XP level 6. HP: 33/44 MP: 6/6
  3361 | D:3      | Noticed Terence
  3375 | D:3      | Killed Terence
  3680 | D:4      | Killed a black bear
  3681 | D:4      | Reached XP level 7. HP: 39/49 MP: 7/7
  3736 | Temple   | Became a worshipper of Gozag Ym Sagoz the Greedy
  4513 | D:4      | Noticed Blork the orc
  4529 | D:4      | Killed Blork the orc
  4641 | D:5      | Reached skill level 5 in Fighting
  4645 | D:5      | Reached skill level 9 in Stealth
  4725 | D:4      | Reached XP level 8. HP: 32/55 MP: 8/8
  4804 | D:5      | Found a bloodstained altar of Trog.
  5071 | D:5      | Reached skill level 5 in Axes
  5071 | D:5      | Reached skill level 5 in Dodging
  5071 | D:5      | Reached skill level 1 in Conjurations
  5077 | D:5      | Found a glowing silver altar of Zin.
  5176 | D:5      | Reached skill level 1 in Spellcasting
  5931 | D:6      | Reached skill level 10 in Stealth
  5931 | D:6      | Reached XP level 9. HP: 62/62 MP: 12/12
  6968 | D:7      | Learned a level 3 spell: Dazzling Flash
  7227 | D:7      | Shot with an arrow by a centaur

Illustrated notes

Levels and vault maps discovered:
D:1:      spicycebolla_arrival_ecumenical, layout_loops_ring,
          minmay_misc_feat_tower, minmay_pentomino_w2
D:2:      layout_basic, basic_altar, minmay_statues_item,
          wander_ebering_terrifying_dragon_lair, uniq_jessica, uniq_natasha,
          uniq_crazy_yiuf_cottage
D:3:      layout_basic, uniq_terence, uniq_grinder
D:4:      layout_loops_ring, minmay_temple_entry_large_hall, uniq_blork_the_orc
D:5:      layout_rooms, mainiacjoe_overflow_surrounded_room,
          amcnicky_altar_gilded, minmay_diced_spiral
D:6:      layout_loops_cross, grunt_ministairs_4
D:7:      minmay_slanted_spiral_squares, layout_loops_ring,
          kennysheep_small_circle
Temple:   nicolae_temple_slightly_damp_pantheon

Skill      XL: |  1  2  3  4  5  6  7  8  9 |
---------------+----------------------------+-----
Stealth        | 7 8 9 10 | 10.4
Axes           | 3 4 5 |  5.9
Dodging        | 3 4 5 6 |  6.0
Fighting       | 4 5 6 |  6.3
Conjurations   | 2 3 |  3.2
Spellcasting   | 2 |  2.8

Action                   |  1- 3 |  4- 6 |  7- 9 || total
-------------------------+-------+-------+-------++-------
Melee: Hand axe          |    21 |    79 |   145 ||   245
       Constrict         |     4 |    21 |    45 ||    70
       Tentacles         |     3 |    21 |    53 ||    77
       Dagger            |     2 |     1 |       ||     3
       Punch             |       |     2 |     2 ||     4
       Short sword       |       |       |    67 ||    67
 Fire: Sling             |     1 |    57 |    38 ||    96
Throw: Dart              |       |       |     2 ||     2
 Cast: Dazzling Flash    |       |       |     1 ||     1
  Use: Scroll            |     2 |     2 |    13 ||    17
       Potion            |       |     2 |     5 ||     7
 Stab: Sleeping          |     8 |     9 |    18 ||    35
       Distracted        |       |       |     3 ||     3
Armor: Skin              |     1 |    10 |    35 ||    46
Dodge: Dodged            |     8 |    60 |   137 ||   205
